Unix NetHack Version 5.0.0-0 post-release - last build May 31 2026 23:59:36 (970b52f25bf058293b47ddfd14a1e40e571c508c,branch:main).

Game began 2026-06-08 21:09:44, ended 2026-06-08 21:21:08.

ARFwashere, neutral male human Tourist

                                                  ---------------
   ---------                           ###########........>.....|
   |......F|                   #########          |{....+[[.....|
   |.)......#                 ##                  -----|---+-|---
   |.......|##              --------------             #  ####
   |.......| #              |........@F..|            #######
   |.......| #           ###...`..........######## ####     #
   |....<..| ##          #  |............|### ---.-|-       #
   ---------  #          #  --------------# ##|.....|       ##
              ##         #                   #|...{.|    ----|---
               #-----   ##                   #......|    |....`?|
               #|...|####                     |>....|    |.%...$-
               #|...|#                        |.....|    |......|
               #-...|#                        -------    --------
                |...|#
                |....#
                |...|
                -----

ARFwashere the Rambler      St:12 Dx:11 Co:16 In:12 Wi:10 Ch:14  Neutral
Dlvl:2  $:1001 HP:0(14) Pw:9(9) AC:3  Xp:2 T:904 

Latest messages:
 The giant rat bites!
 You hit the giant rat.
 The giant rat bites!
 You hit the giant rat.
 The giant rat bites!
 In what direction? j
 The dart hits the giant rat.
 In what direction? j
 The dart hits the giant rat.
 The giant rat misses!
 In what direction? j
 The dart misses the giant rat.
 The giant rat misses!
 In what direction? j
 You kill the giant rat!
 You have a little trouble lifting t - 2 darts (at the ready) (7 in total).
 You faint from lack of food.
 You regain consciousness.
 You can hear again.
 What do you want to eat? [b-gr or ?*] ?
 This cram ration is bland.
 You finish eating the cram ration.
 Your movements are now unencumbered.
 Pick a monster, object or location.
 Move cursor to a monster, object or location:
 `        an engraving (engraving with remembered text: "Dig 31 west 4 north")
 Pick a monster, object or location.
          a doorway or the floor of a room or the dark part of a room or ice (dark part of a room)
 You swap places with your little dog.
 Pick a monster, object or location.
          a doorway or the floor of a room or the dark part of a room or ice (floor of a room)
 You see no objects here.
 #engr: unknown extended command.
 What do you want to write with? [- atw or ?*] ?
 You write in the dust with your fingertip.
 What do you want to write in the dust here? Dig here
 You swap places with your little dog.
 You swap places with your little dog.
 You stop.  Your little dog is in the way!
 You hit the brown mold.
 You miss the brown mold.
 You are suddenly very cold!
 You hit the brown mold.
 You are suddenly very cold!
 You die...
 Do you want your possessions identified? [ynq] (y) y
 Do you want to see your attributes? [ynq] (y) y
 Do you want an account of creatures vanquished? [ynaq] (y) n
 Do you want to see your conduct and achievements? [ynq] (y) n
 Do you want to see the dungeon overview? [ynq] (y) n

Inventory:
 Coins    ('$')
  $ - 1001 gold pieces
 Weapons  (')')
  a - 36 +2 darts
  t - 7 +0 darts (at the ready)
 Armor    ('[')
  u - an uncursed +0 orcish helm (being worn)
  j - an uncursed +0 Hawaiian shirt with a hibiscus flower motif (being worn)
  q - an uncursed +0 splint mail (being worn)
 Comestibles  ('%')
  g - an uncursed slime mold
  e - an uncursed carrot
  b - 4 uncursed food rations
  d - 3 uncursed tripe rations
  f - an uncursed tin of stir fried lichen
  c - an uncursed egg
 Scrolls  ('?')
  s - an uncursed scroll of identify
  o - an uncursed scroll of light
  i - 4 uncursed scrolls of magic mapping
 Potions  ('!')
  h - 2 uncursed potions of extra healing
  p - an uncursed potion of see invisible
 Wands    ('/')
  w - a wand of create monster (0:11)
 Tools    ('(')
  l - an uncursed credit card
  k - an expensive camera (0:61)
  m - an uncursed tin opener (wielded)

ARFwashere the Tourist's attributes:

Background:
 You were a Rambler, a level 2 male human Tourist.
 You were neutral, on a mission for The Lady
 who was opposed by Blind Io (lawful) and Offler (chaotic).
 You were right-handed.
 You were in the Dungeons of Doom, on level 2.
 You entered the dungeon 904 turns ago.
 You had 32 experience points, 8 more were needed to attain level 3.

Basics:
 You had 0 out of 14 hit points.
 You had all 9 energy points (spell power).
 Your armor class was 3.
 Your wallet contained 1001 zorkmids.
 Autopickup was on for '$' plus thrown.

Final Characteristics:
 Your strength was 12 (limit:18/100).
 Your dexterity was 11 (limit:18).
 Your constitution was 16 (limit:18).
 Your intelligence was 12 (limit:18).
 Your wisdom was 10 (limit:18).
 Your charisma was 14 (limit:18).

Final Status:
 You weren't hungry.
 You were unencumbered.
 You were wielding a tin opener.

Final Attributes:
 You were fervently aligned.
 You were warded.
 You are dead.

Miscellaneous:
 You didn't encounter any bones levels.
 Total elapsed playing time was 11 minutes and 8 seconds.

Major events:
 Turn
    1: ARFwashere the neutral male human Tourist entered the dungeon
  518: entered the Gnomish Mines
  904: killed by a brown mold

You didn't know any spells.

Skills:
 Fighting Skills
   bare handed combat [Unskilled]
   two weapon combat  [Unskilled]
   riding             [Unskilled]
 Weapon Skills
   dagger             [Unskilled]
   knife              [Unskilled]
   axe                [Unskilled]
   pick-axe           [Unskilled]
   short sword        [Unskilled]
   broadsword         [Unskilled]
   long sword         [Unskilled]
   two-handed sword   [Unskilled]
   saber              [Unskilled]
   mace               [Unskilled]
   morning star       [Unskilled]
   flail              [Unskilled]
   hammer             [Unskilled]
   quarterstaff       [Unskilled]
   polearms           [Unskilled]
   spear              [Unskilled]
   trident            [Unskilled]
   lance              [Unskilled]
   bow                [Unskilled]
   sling              [Unskilled]
   crossbow           [Unskilled]
   dart               [Basic]
   shuriken           [Unskilled]
   boomerang          [Unskilled]
   whip               [Unskilled]
   unicorn horn       [Unskilled]
 Spellcasting Skills
   divination spells  [Unskilled]
   enchantment spells [Unskilled]
   escape spells      [Unskilled]

Voluntary challenges:
 Character rerolling was not enabled.
 You followed a strict vegan diet.
 You were an atheist.
 You never hit with a wielded weapon.
 You never genocided any monsters.
 You never polymorphed an object.
 You never changed form.
 You used no wishes.
Achievement:
 You entered the Gnomish Mines.

 The Dungeons of Doom: levels 1 to 3
    Level 1:
    Level 2: <- You were here.
       Some fountains.
       Stairs down to The Gnomish Mines.
       Final resting place for
          you, killed by a brown mold.
    Level 3:
 The Gnomish Mines:
    Level 3:


Vanquished creatures:
  a giant rat
  a yellow mold
  a gecko
  a jackal
  a fox
  a kobold
  2 goblins
  2 grid bugs
  3 newts
13 creatures vanquished.

No species were genocided or became extinct.

Game over:
                       ----------
                      /          \
                     /    REST    \
                    /      IN      \
                   /     PEACE      \
                  /                  \
                  |    ARFwashere    |
                  |     1001 Au      |
                  |   killed by a    |
                  |    brown mold    |
                  |                  |
                  |                  |
                  |       2026       |
                 *|     *  *  *      | *
        _________)/\\_//(\/(/\)/\//\/|_)_______

Aloha ARFwashere the Tourist...

You died in The Dungeons of Doom on dungeon level 2 with 259 points,
and 1001 pieces of gold, after 904 moves.
You were level 2 with a maximum of 14 hit points when you died.

